 Dungeon Crawl Stone Soup version 0.29.1-12-g30fa7ad0bf (webtiles) character file.

Game seed: 5554459686316134048

1505 Flaz the Cleaver (level 8, 0/64 HPs)
             Began as a Ghoul Monk on Jan 15, 2023.
             Slain by a steam dragon (3 damage)
             ... on level 6 of the Dungeon.
             The game lasted 00:18:12 (6920 turns).

Flaz the Cleaver (Ghoul Monk)                       Turns: 6920, Time: 00:18:16

Health: 0/64       AC:  7    Str: 17      XL:     8   Next: 82%
Magic:  0/7        EV: 12    Int:  5      God:
Gold:   181        SH:  0    Dex: 16 (17) Spells: 7/7 levels left

rFire   . . .      SeeInvis .   a - +0 hand axe
rCold   + . .      Faith    .   (no shield)
rNeg    + + +      Spirit   +   g - +0 ring mail
rPois   ∞          Reflect  .   (no helmet)
rElec   .          Harm     .   f - +1 cloak
rCorr   .          Rampage  .   (no gloves)
Will    .....                   (no boots)
Stlth   +.........              j - amulet of guardian spirit
HPRegen 0.00/turn               D - +6 ring of dexterity
MPRegen 0.10/turn               (no ring)

@: flying, inhibited regen
A: claws 1, cold resistance 1, negative energy resistance 3, inhibited
regeneration, torment resistance 2, devour on kill
a: no special abilities


You were on level 6 of the Dungeon.
You visited 1 branch of the dungeon, and saw 6 of its levels.
You also visited: Sewer.

You collected 181 gold pieces.

Inventory:

Hand Weapons
 a - a +0 hand axe (weapon)
Missiles
 k - 6 atropa-tipped darts (quivered)
 p - 2 javelins
 r - a curare-tipped dart
 u - 12 poisoned darts
Armour
 f - a +1 cloak (worn)
 g - a +0 ring mail (worn)
Jewellery
 j - an amulet of guardian spirit (around neck)
 D - a +6 ring of dexterity (left claw)
Wands
 o - a wand of digging (4)
 y - a wand of paralysis (14)
 E - a wand of iceblast (12)
Scrolls
 h - 6 scrolls of identify {unknown}
 m - 2 scrolls of enchant armour {unknown}
 n - 2 scrolls of teleportation {unknown}
 v - a scroll of noise {unknown}
 w - 2 scrolls of amnesia {unknown}
 B - a scroll of poison {unknown}
 C - a scroll of immolation {unknown}
Potions
 b - 3 potions of flight
 c - 2 potions of ambrosia
 d - 2 potions of mutation
 e - 3 potions of curing {unknown}
 i - a potion of berserk rage {unknown}
 l - a potion of cancellation {unknown}
 q - a potion of attraction {unknown}
 s - 2 potions of magic {unknown}
 t - a potion of brilliance {unknown}
 x - 2 potions of might {unknown}
 z - a potion of resistance {unknown}
 A - a potion of heal wounds {unknown}
 F - a potion of haste {unknown}
 G - a potion of invisibility {unknown}
 H - 2 potions of degeneration {unknown}


   Skills:
 - Level 3.6 Fighting
 + Level 9.5 Axes
 * Level 1.5 Throwing
 * Level 2.2 Armour
 - Level 3.0 Dodging
 - Level 2.2 Stealth


You had 7 spell levels left.
You didn't know any spells.
Your spell library was empty.

Dungeon Overview and Level Annotations

Branches:
Dungeon (6/15)              Sewer (visited)
 Temple: D:4-7

Altars:
Gozag
Hepliaklqana
Makhleb

Annotations:
D:1 2 transporters


Innate Abilities, Weirdness & Mutations

You are immune to poison.
You have sharp fingernails.
Your flesh is cold resistant. (rC+)
You are immune to negative energy. (rN+++)
You do not regenerate when monsters are visible.
You are immune to unholy pain and torment.
You thrive by killing the living.


Message History

The steam dragon is moderately wounded.
You are engulfed in a cloud of scalding steam.
You hit the steam dragon but do no damage.
The steam dragon is moderately wounded.
The steam dragon breathes steam at you. The ball of steam hits you!
You closely miss the steam dragon.
The steam dragon is moderately wounded.
You are engulfed in a cloud of scalding steam.
The steam dragon misses you.
The steam dragon claws you but does no damage.
You are too injured to fight recklessly!
You are too injured to fight recklessly!
You are too injured to fight recklessly!
You are too injured to fight recklessly!
You are too injured to fight recklessly!
You completely miss the steam dragon.
The steam dragon is moderately wounded.
You are engulfed in a cloud of scalding steam.
The steam dragon breathes steam at you. The ball of steam hits you!
* * * LOW HITPOINT WARNING * * *
It was a potion of flight.
You feel very buoyant.
You fly up into the air.
You are engulfed in a cloud of scalding steam.
* * * LOW HITPOINT WARNING * * *
The steam dragon bites you.
* * * LOW HITPOINT WARNING * * *
The steam dragon claws you but does no damage.
Okay, then.
Unknown command.
Okay, then.
It was a potion of mutation.
You feel extremely strange.
Your body decomposes!
You feel clumsy.
You are engulfed in a cloud of scalding steam.
* * * LOW HITPOINT WARNING * * *
The steam dragon bites you.
You die...

## ##### ## #. ....
. ##.##..##.#
...#...#.# #.
......# ...
#§##§.§#.# #.#
#D@§§....# #.#
#####.#### #.# #.#
#.# ##'## #.#
##...## #.#
##.....## ###.#
#.......## ##.#..
#.........####.....
+...>.....'........


You could see a steam dragon.

Vanquished Creatures
  Grinder (D:4)
  A sky beast (D:6)
  2 ice beasts (D:5)
  A black bear (D:4)
  An ogre (D:5)
  A phantom (D:4)
  A kobold brigand (Sewer)
  A bullfrog (D:6)
  A scorpion (D:5)
  3 hounds
  An orc priest (D:2)
  A jelly (D:5)
  Terence (D:2)
  An orc wizard (D:5)
  3 gnolls (D:3)
  19 adders
  7 river rats (Sewer)
  2 shadow imps (D:5)
  An ufetubus (D:6)
  5 dart slugs
  6 orcs
  10 ball pythons
  5 endoplasms
  10 giant cockroaches
  5 hobgoblins
  3 jackals
  6 quokkas
  4 bats
  5 frilled lizards
  2 goblins
  23 kobolds
  23 rats
156 creatures vanquished.

Notes
Turn   | Place    | Note
-------+----------+-------------------------------------------
     0 | D:1      | Flaz the Ghoul Monk began the quest for the Orb.
     0 | D:1      | Reached XP level 1. HP: 19/19 MP: 0/0
    73 | D:1      | Reached skill level 3 in Axes
   350 | D:1      | Reached XP level 2. HP: 22/26 MP: 1/1
   957 | D:1      | Reached XP level 3. HP: 29/31 MP: 2/2
  1252 | D:2      | Noticed Terence
  1295 | D:2      | Killed Terence
  1383 | D:2      | Reached XP level 4. HP: 39/39 MP: 3/3
  1539 | D:2      | Reached skill level 4 in Axes
  1719 | D:2      | Reached XP level 5. HP: 45/45 MP: 4/4
  2166 | D:3      | Found an opulent altar of Gozag.
  2337 | D:3      | Found a glowing drain.
  2361 | Sewer    | Entered a sewer
  2411 | Sewer    | Reached skill level 5 in Axes
  2565 | Sewer    | Noticed a kobold brigand
  2593 | Sewer    | Killed a kobold brigand
  2594 | Sewer    | Reached XP level 6. HP: 17/51 MP: 2/5
  3381 | Sewer    | Reached skill level 6 in Axes
  4172 | D:3      | Found a faded altar of an unknown god.
  4595 | D:4      | Reached XP level 7. HP: 57/57 MP: 4/6
  4661 | D:4      | Noticed Grinder
  4669 | D:4      | Paralysed by Grinder for 2 turns
  4683 | D:4      | Paralysed by Grinder for 5 turns
  4694 | D:4      | Paralysed by Grinder for 4 turns
  4699 | D:4      | Killed Grinder
  4700 | D:4      | Reached skill level 7 in Axes
  5068 | D:4      | Found a hazy altar of Hepliaklqana.
  5262 | D:5      | Entered Level 5 of the Dungeon
  5412 | D:4      | Reached skill level 8 in Axes
  5451 | D:4      | Reached XP level 8. HP: 44/64 MP: 3/7
  6048 | D:5      | Found a burning altar of Makhleb.
  6127 | D:5      | Reached skill level 9 in Axes
  6226 | D:5      | Reached skill level 1 in Throwing
  6226 | D:5      | Reached skill level 1 in Armour
  6920 | D:6      | HP: 3/64 [steam dragon] (4)]
  6920 | D:6      | Slain by a steam dragon

Illustrated notes

Levels and vault maps discovered:
D:1:      spicycebolla_arrival_transporter_tutorial, layout_loops_ring
D:2:      layout_basic, minmay_pentomino_u2, uniq_terence
D:3:      layout_rooms, mainiacjoe_overflow_concentric_impassable,
          gup_sewer_entry_pipe, shapermc_ecumenical_altar_mp_highgroup
D:4:      layout_gridville, nzn_hepliaklqana_mist_gate, uniq_grinder
D:5:      layout_cave_pools, kennysheep_little_box, serial_column_ruins,
          column_ruins_hut, column_ruins_hut_pillars, column_ruins_columns_plus,
          column_ruins_grid_1, column_ruins_columns_straight,
          column_ruins_columns_dead_end, column_ruins_grid_3,
          column_ruins_open_tiny, column_ruins_open_small
D:6:      cheibrodos_two_vegetables, layout_loops_corners, fiery_altar_vehumet,
          mainiacjoe_overflow_catwalk, uniq_maggie

Skill      XL: |  1  2  3  4  5  6  7  8 |
---------------+-------------------------+-----
Axes           | 3 4 5 6 8 9 |  9.5
Dodging        | 3 |  3.0
Throwing       | 1 |  1.5
Armour         | 2 |  2.2
Fighting       | |  3.6
Stealth        | |  2.2

Action                   |  1- 3 |  4- 6 |  7- 9 || total
-------------------------+-------+-------+-------++-------
Melee: Hand axe          |   106 |   397 |   271 ||   774
       Punch             |     1 |     2 |     6 ||     9
Throw: Dart              |       |     2 |     4 ||     6
  Use: Potion            |       |       |     2 ||     2
 Stab: Sleeping          |     2 |       |     1 ||     3
Armor: Robe              |     6 |       |       ||     6
       Ring mail         |    23 |   145 |   113 ||   281
Dodge: Dodged            |    80 |   211 |   132 ||   423
